 Dungeon Crawl Stone Soup version 0.26.0-10-g1f06aea511 (webtiles) character file.

Game seed: 18199230924179610766

26861 Delamore the Warrior (level 13, -6/92 HPs)
             Began as a Gargoyle Brigand on Jan 14, 2021.
             Was the Champion of Okawaru.
             Mangled by a komodo dragon (23 damage)
             ... on level 6 of the Lair of Beasts.
             The game lasted 00:16:31 (14638 turns).

Delamore the Warrior (Gargoyle Brigand)            Turns: 14638, Time: 00:16:32

Health: -6/92      AC: 23    Str: 23    XL:     13   Next: 28%
Magic:  11/13      EV: 11    Int: 13    God:    Okawaru [******]
Gold:   1040       SH: 10    Dex: 11    Spells: 12/12 levels left

rFire    . . .     SeeInvis .   Z - +3 demon whip "Ciuroune" {venom, +Blink +Fly rN+}
rCold    + . .     Faith    .   h - +0 buckler
rNeg     + + .     Spirit   .   z - +4 ring mail "Udoimp" {*Drain Str+4 Slay+3 Stlth+}
rPois    ∞         Reflect  +   I - +1 hat
rElec    +         Harm     .   c - +0 cloak
rCorr    .         Rampage  .   (no gloves)
Will     +....                  L - +0 pair of boots
Stlth    +++.......             m - amulet of reflection
HPRegen  0.25/turn              F - ring of protection from cold
MPRegen  0.13/turn              A - ring of willpower

@: no status effects
A: negative energy resistance 1, electricity resistance, unbreathing,
petrification resistance, miasma immunity, AC +9
a: Renounce Religion, Evoke Blink, Evoke Flight, Heroism, Finesse


You were on level 6 of the Lair of Beasts.
You worshipped Okawaru.
Okawaru was exalted by your worship.
You visited 4 branches of the dungeon, and saw 17 of its levels.

You collected 1163 gold pieces.
You spent 123 gold pieces at shops.

Inventory:

Hand Weapons
 V - the +8 whip "Snakebite" {curare, rPois}
   (You found it on level 1 of the Lair of Beasts)

   It poisons the flesh of those it strikes.
   It protects you from poison.
 Z - the +3 demon whip "Ciuroune" (weapon) {venom, +Blink +Fly rN+}
   (Okawaru gifted it to you on level 5 of the Lair of Beasts)

   It poisons the flesh of those it strikes.
   It protects you from negative energy.
   It lets you fly.
   It lets you blink.
Missiles
 J - 11 javelins (quivered)
 S - 8 silver javelins
Armour
 a - the +1 chain mail "Jagguot" {rElec rF+ Stlth+, unknown}
   (You found it on level 4 of the Lair of Beasts)

   It protects you from fire.
   It insulates you from electricity.
   It makes you more stealthy.
 c - a +0 cloak (worn)
 h - a +0 buckler (worn)
 z - the +4 ring mail "Udoimp" (worn) {*Drain Str+4 Slay+3 Stlth+}
   (You found it on level 5 of the Dungeon)

   It affects your strength (+4).
   It affects your accuracy and damage with ranged weapons and melee attacks
   (+3).
   It causes draining when unequipped.
   It makes you more stealthy.
 I - a +1 hat (worn)
 L - a +0 pair of boots (worn)
Jewellery
 k - an uncursed ring of ice
 m - an amulet of reflection (around neck)
 s - an uncursed ring of protection from fire
 A - a ring of willpower (right hand)
 F - a ring of protection from cold (left hand)
Wands
 d - a wand of disintegration (10)
 l - a wand of paralysis (10)
 o - a wand of random effects (17)
 E - a wand of digging (9)
 H - a wand of flame (31)
 P - a wand of acid (8)
Scrolls
 e - a scroll of enchant weapon {unknown}
 f - 8 scrolls of amnesia {unknown}
 i - 4 scrolls of noise {unknown}
 q - 2 scrolls of magic mapping
 t - 7 scrolls of remove curse
 u - 6 scrolls of teleportation
 w - 5 scrolls of enchant armour
 x - a scroll of fear
 y - 4 scrolls of blinking
 B - 2 scrolls of summoning
 M - 3 scrolls of fog
 Q - 2 scrolls of vulnerability {unknown}
 T - a scroll of immolation {unknown}
 U - a scroll of holy word {unknown}
 W - a scroll of torment {unknown}
 X - a scroll of identify
Potions
 b - 5 potions of heal wounds
 g - 4 potions of attraction {unknown}
 j - a potion of ambrosia {unknown}
 n - 2 potions of haste {unknown}
 p - 2 potions of brilliance {unknown}
 r - 2 potions of berserk rage {unknown}
 v - a potion of flight {unknown}
 C - 2 potions of might {unknown}
 D - 4 potions of curing
 G - a potion of cancellation {unknown}
 K - 2 potions of lignification {unknown}
 N - a potion of resistance {unknown}
 O - a potion of magic {unknown}
 R - 2 potions of mutation {unknown}
 Y - a potion of invisibility {unknown}


   Skills:
 - Level 15.0 Fighting
 - Level 1.7 Short Blades
 - Level 14.0 Maces & Flails
 - Level 3.3 Throwing
 - Level 5.0 Armour
 - Level 0.7 Dodging
 - Level 4.3 Stealth
 + Level 7.7 Shields


You had 12 spell levels left.
You didn't know any spells.
Your spell library contained the following spells:

 Spells                   Type           Power        Failure   Level
 Magic Dart               Conj           0%           43%         1
 Blink                    Tloc           N/A          56%         2
 Call Imp                 Summ           0%           56%         2
 Slow                     Hex            0%           56%         2
 Conjure Flame            Conj/Fire      0%           80%         3
 Mephitic Cloud           Conj/Pois/Air  0%           80%         3


Dungeon Overview and Level Annotations

Branches:
Dungeon (9/15)             Temple (1/1) D:4            Lair (6/6) D:9
 Shoals (0/4) Lair:2        Snake (0/4) Lair:4        Slime (1/5) Lair:5
    Orc (0/2) D:9

Altars:
Cheibriados
Dithmenos
Elyvilon
Fedhas
Gozag
Hepliaklqana
Kikubaaqudgha
Makhleb
Nemelex Xobeh
Okawaru
Qazlal
Ru
Sif Muna
Trog
Uskayaw
Wu Jian
Yredelemnul
Zin
The Shining One
Jiyva

Shops:
D:8 ?

Annotations:
D:9 2 transporters, exclusions: oklob plant and oklob sapling, lis82's ghost, novice DgGl
Lair:1 exclusion: oklob plant
Lair:2 2 transporters, Wuvuatt's ghost, journeyman MiBe
Lair:4 2 transporters, exclusion: oklob plant, Xyudeake's ghost, journeyman DEFE
Lair:5 exclusion: oklob plant


Innate Abilities, Weirdness & Mutations

You are resistant to torment.
Your stone body is resilient. (AC +9)
You are immune to poison.
You resist negative energy. (rN+)
You are resistant to electric shocks. (rElec)
You can survive without breathing.
You are immune to petrification.
You are immune to miasma.


Message History

The elephant is severely wounded.
The komodo dragon bites you.
* * * LOW HITPOINT WARNING * * *
You block the elephant's attack. The elephant closely misses you.
You hit the elephant.
The elephant is severely wounded.
You whack the komodo dragon!
The komodo dragon is poisoned.
The komodo dragon is moderately wounded.
The komodo dragon bites you but does no damage.
The elephant barely misses you. x2
You whack the komodo dragon!
The komodo dragon looks even sicker.
The komodo dragon is heavily wounded.
You hit the komodo dragon but do no damage.
The komodo dragon looks as sick as possible!
The komodo dragon is heavily wounded.
The komodo dragon bites you!
* * * LOW HITPOINT WARNING * * *
You block the elephant's attack. The elephant barely misses you.
You feel better. The komodo dragon bites you!!
You die...

≈≈≈≈.#≈###≈≈.##≈..≈≈≈≈
≈≈≈≈≈≈≈≈≈≈≈≈≈≈≈≈≈≈≈≈≈≈≈.
##P≈..≈≈#.≈≈.#≈≈.#≈≈##.#
#.≈≈##≈≈#.≈≈##≈≈.#≈≈#.≈.
.≈.≈≈.≈≈≈..≈≈.≈≈.≈..≈≈≈.
...≈..#####..≈....≈.≈.$.
..##### #..(..........
.## ###.#Y#l....P. .#
####@##### ## ###


You could see an elephant (extremely poisoned) and a komodo dragon (extremely
poisoned).

Vanquished Creatures
  Harold (D:7)
  3 hydras
  A catoblepas (Lair:4)
  A two-headed ogre (D:9)
  2 death yaks (Lair:6)
  Urug (Lair:4)
  A manticore (Lair:6)
  6 elephants
  4 black mambas
  9 cane toads
  2 rime drakes (Lair:4)
  7 komodo dragons
  4 polar bears
  6 hornets
  6 blink frogs
  2 wyverns
  6 yaks (Lair:1)
  3 basilisks
  6 nagas (Lair:4)
  15 water moccasins
  4 orc warriors
  A black bear (D:8)
  4 ice beasts
  4 phantoms
  3 ogres
  12 wolves
  9 centaurs
  8 bullfrogs
  A scorpion (D:5)
  11 killer bees
  3 wights (D:9)
  5 howler monkeys
  2 bullfrog zombies
  4 hounds (D:9)
  A centaur skeleton (D:7)
  4 orc priests
  A bullfrog skeleton (D:9)
  5 orc wizards
  Terence (D:3)
  3 iguanas
  4 worker ants
  A hound skeleton (D:5)
  2 worker ant zombies
  15 adders
  A white imp (D:6)
  3 ufetubi
  An ooze (D:4)
  3 dart slugs
  A worm (D:3)
  4 leopard geckos
  23 orcs
  6 bats
  6 giant cockroaches
  10 goblins
  6 hobgoblins
  6 jackals
  4 quokkas
  8 ball pythons
  A ball python skeleton (D:4)
  A frilled lizard (D:3)
  A giant cockroach zombie (D:5)
  2 jackal skeletons
  3 kobolds (D:1)
  A leopard gecko skeleton (D:5)
  4 rats
289 creatures vanquished.

Vanquished Creatures (others)
  10 fungi
  28 plants
38 creatures vanquished.

Grand Total: 327 creatures vanquished

Notes
Turn   | Place    | Note
-------+----------+-------------------------------------------
     0 | D:1      | Delamore the Gargoyle Brigand began the quest for the Orb.
     0 | D:1      | Reached XP level 1. HP: 12/12 MP: 1/1
   230 | D:1      | Reached XP level 2. HP: 18/18 MP: 2/2
   924 | D:2      | Reached skill level 3 in Fighting
   924 | D:2      | Reached skill level 1 in Shields
   924 | D:2      | Reached XP level 3. HP: 23/23 MP: 3/3
  1561 | D:3      | Found a hazy altar of Hepliaklqana.
  1779 | D:3      | Reached skill level 1 in Maces & Flails
  1779 | D:3      | Reached XP level 4. HP: 28/28 MP: 4/4
  1874 | D:3      | Noticed Terence
  1899 | D:3      | Killed Terence
  1900 | D:3      | Reached XP level 5. HP: 24/32 MP: 5/5
  1990 | D:3      | Noticed an ogre
  2006 | D:3      | Killed an ogre
  2012 | D:3      | Reached skill level 4 in Fighting
  2012 | D:3      | Reached XP level 6. HP: 38/38 MP: 6/6
  2627 | D:4      | Noticed a phantom
  2704 | D:4      | Killed a phantom
  2846 | D:4      | Found a staircase to the Ecumenical Temple.
  2879 | Temple   | Entered the Ecumenical Temple
  2975 | Temple   | Became a worshipper of Warmaster Okawaru
  3028 | D:4      | Reached XP level 7. HP: 36/44 MP: 5/7
  3571 | D:5      | Entered Level 5 of the Dungeon
  3670 | D:5      | Reached skill level 5 in Fighting
  3952 | D:5      | Reached * piety under Okawaru
  4052 | D:5      | Got a smoking ring mail
  4063 | D:5      | Identified the +4 ring mail "Udoimp" {*Drain Str+4 Slay+3
                  | Stlth+} (You found it on level 5 of the Dungeon)
  4114 | D:5      | Reached skill level 5 in Shields
  4319 | D:6      | Reached skill level 5 in Maces & Flails
  4319 | D:6      | Reached XP level 8. HP: 34/49 MP: 8/8
  5343 | D:7      | Reached ** piety under Okawaru
  5729 | D:7      | Reached XP level 9. HP: 52/54 MP: 7/9
  6250 | D:7      | Noticed a hornet
  6272 | D:7      | Killed a hornet
  6273 | D:7      | Reached skill level 10 in Maces & Flails
  6345 | D:7      | Reached *** piety under Okawaru
  6401 | D:7      | Noticed Harold
  6579 | D:7      | Killed Harold
  6579 | D:7      | Received a gift from Okawaru
  6579 | D:7      | Reached **** piety under Okawaru
  6580 | D:7      | Reached XP level 10. HP: 53/59 MP: 8/10
  7115 | D:8      | Found a white marble altar of Elyvilon.
  7134 | D:8      | Found Pofo's Magic Scroll Shoppe.
  7212 | D:8      | Bought a scroll of identify for 26 gold pieces
  7212 | D:8      | Bought a scroll of fear for 45 gold pieces
  7212 | D:8      | Bought a scroll of identify for 26 gold pieces
  7212 | D:8      | Bought a scroll of fog for 26 gold pieces
  7585 | D:8      | Found the +8 glaive of the Guard {elec, spectral, AC+5}
  7681 | D:9      | Noticed a two-headed ogre
  8361 | D:9      | Found a staircase to the Orcish Mines.
  8410 | D:9      | Found a blossoming altar of Fedhas.
  8521 | D:9      | Killed a two-headed ogre
  8521 | D:9      | Reached ***** piety under Okawaru
  8521 | D:9      | Received a gift from Okawaru
  8640 | D:9      | Identified the +4 demon whip of Corruption {antimagic, rN+
                  | Str-4 Int+3}
  8640 | D:9      | Noticed an orc knight
  8640 | D:9      | Identified the +2 rapier of Unysib {antimagic, SInv}
  8640 | D:9      | Noticed a tengu warrior
  8642 | D:9      | Found a transporter.
  8671 | D:9      | Found a staircase to the Lair.
  8702 | D:9      | Found a transporter.
  8713 | D:9      | Found a bloodstained altar of Trog.
  8713 | D:9      | Noticed a moth of wrath
  8713 | D:9      | Noticed lis82's ghost (novice DgGl)
  8865 | D:9      | Noticed an oklob plant
  9009 | Lair:1   | Entered Level 1 of the Lair of Beasts
  9021 | Lair:1   | Noticed an oklob plant
  9077 | Lair:1   | Received a gift from Okawaru
  9093 | Lair:1   | Noticed a black mamba
  9093 | Lair:1   | Noticed a black mamba
  9110 | Lair:1   | Killed a black mamba
  9111 | Lair:1   | Reached XP level 11. HP: 40/64 MP: 6/11
  9135 | Lair:1   | Reached skill level 6 in Fighting
  9150 | Lair:1   | Reached skill level 7 in Fighting
  9264 | Lair:1   | Found the +8 whip "Snakebite" {curare, rPois}
  9471 | Lair:1   | Reached skill level 1 in Armour
 10307 | Lair:2   | Reached skill level 8 in Fighting
 10326 | Lair:2   | Received a gift from Okawaru
 10504 | Lair:2   | Noticed an eight-headed hydra
 10515 | Lair:2   | Killed an eight-headed hydra
 10518 | Lair:2   | Reached skill level 5 in Armour
 10696 | Lair:2   | Reached skill level 9 in Fighting
 10885 | Lair:2   | Found a transporter.
 10886 | Lair:2   | Noticed Wuvuatt's ghost (journeyman MiBe)
 10886 | Lair:2   | Noticed an eight-headed hydra
 10888 | Lair:2   | Found a transporter.
 10889 | Lair:2   | Noticed a four-headed hydra
 10890 | Lair:2   | Noticed a four-headed hydra
 10985 | Lair:2   | Found a staircase to the Shoals.
 11009 | Lair:2   | Reached skill level 10 in Fighting
 11115 | Lair:2   | Got a smoking amber ring
 11117 | Lair:2   | Identified the ring of the Snail {Wiz +Inv rN+ Stlth+} (You
                  | found it on level 2 of the Lair of Beasts)
 11341 | Lair:2   | Reached XP level 12. HP: 72/79 MP: 10/12
 11789 | Lair:3   | Reached skill level 11 in Fighting
 12087 | Lair:3   | Received a gift from Okawaru
 12267 | Lair:3   | Noticed a five-headed hydra
 12278 | Lair:3   | Killed a five-headed hydra
 12553 | Lair:4   | Reached ****** piety under Okawaru
 12632 | Lair:4   | Reached skill level 12 in Fighting
 12650 | Lair:4   | Found a staircase to the Snake Pit.
 12744 | Lair:4   | Noticed Urug
 12781 | Lair:4   | Killed Urug
 12791 | Lair:4   | Reached skill level 13 in Fighting
 13036 | Lair:4   | Noticed a catoblepas
 13049 | Lair:4   | Killed a catoblepas
 13077 | Lair:4   | Found a transporter.
 13110 | Lair:4   | Noticed a rakshasa
 13117 | Lair:4   | Found a one-way gate to the infinite horrors of the Abyss.
 13117 | Lair:4   | Noticed a hell hog
 13117 | Lair:4   | Noticed Xyudeake's ghost (journeyman DEFE)
 13118 | Lair:4   | Found a transporter.
 13119 | Lair:4   | Identified the cursed +1 rapier of Ecab {distort, +Fly
                  | rElec Will+}
 13136 | Lair:4   | Got a faintly glowing chain mail
 13653 | Lair:5   | Reached skill level 14 in Fighting
 14084 | Lair:5   | Found a staircase to the Slime Pits.
 14084 | Lair:5   | Found a viscous altar of Jiyva.
 14203 | Lair:5   | Noticed a four-headed hydra
 14213 | Lair:5   | Killed a four-headed hydra
 14213 | Lair:5   | Received a gift from Okawaru
 14214 | Lair:5   | Reached XP level 13. HP: 77/91 MP: 13/13
 14216 | Lair:5   | Got a buzzing demon whip {god gift}
 14217 | Lair:5   | Identified the +3 demon whip "Ciuroune" {venom, +Blink +Fly
                  | rN+} (Okawaru gifted it to you on level 5 of the Lair of
                  | Beasts)
 14461 | Slime:1  | Entered Level 1 of the Pits of Slime
 14482 | Lair:6   | Entered Level 6 of the Lair of Beasts
 14522 | Lair:6   | Found a basalt altar of Yredelemnul.
 14565 | Lair:6   | Reached skill level 15 in Fighting
 14638 | Lair:6   | Mangled by a komodo dragon

Illustrated notes

Levels and vault maps discovered:
D:1:      dpeg_arrival_simpleton_a, layout_basic, minmay_heptomino_l4
D:2:      layout_basic, grunt_decor_cap
D:3:      layout_basic, lemuel_doored_altar, minmay_misc_feat_plants,
          roderic_malta_cross, uniq_terence
D:4:      layout_basic, temple_pool_b, kennysheep_cross_bottleneck
D:5:      layout_loops_ring, kennysheep_generic_room_12
D:6:      layout_basic
D:7:      minmay_angry_zag, layout_loops_ring, uniq_harold
D:8:      layout_basic, serial_shops, shop, elyvilon_altar_4
D:9:      layout_rooms, david_lair_shrubbed, orc_0_dummy,
          gammafunk_ghost_wrathful_warriors, introduction_to_nature_1
Temple:   kilobyte_greek_temple
Lair:1:   minmay_guarded_unrand_snakebite, layout_loops_ring,
          minmay_lair_oklob_chamber
Lair:2:   layout_gridlike, minmay_shoals_entry_centaurs, nzn_ghost_randoct,
          chequers_serial_rivers_small_3
Lair:3:   layout_roguey, chequers_serial_rivers_micro_a, serial_bayou_ford_a
Lair:4:   layout_roguey, minmay_snake_entry_guardpost_large,
          gammafunk_ghost_abyssal_escape, uniq_urug
Lair:5:   layout_regular_city, slime_altar_1, minmay_lair_oklob_bushes,
          lemuel_fruit_fields
Lair:6:   gammafunk_lair_ancient_temple, layout_misc_corridors, basic_altar,
          disabler_island
Slime:1:  layout_caves

Skill      XL: |  1  2  3  4  5  6  7  8  9 10 11 12 13 |
---------------+----------------------------------------+-----
Throwing       | 2 3 |  3.3
Fighting       | 3 4 5 10 14 15 | 15.0
Shields        | 1 2 3 5 7 |  7.7
Maces & Flails | 1 2 3 5 8 11 14 | 14.0
Armour         | 5 |  5.0
Short Blades   | |  1.7
Dodging        | |  0.7
Stealth        | |  4.3

Action                   |  1- 3 |  4- 6 |  7- 9 | 10-12 | 13-15 || total
-------------------------+-------+-------+-------+-------+-------++-------
Melee: Dagger            |    63 |       |       |       |       ||    63
       Whip              |    33 |   166 |   440 |   677 |       ||  1316
       Morningstar       |       |       |       |    46 |       ||    46
       Demon whip        |       |       |       |       |    86 ||    86
Throw: Dart              |     6 |     6 |     9 |     7 |       ||    28
Invok: Heroism           |       |       |       |       |     1 ||     1
       Finesse           |       |       |       |       |     1 ||     1
  Use: Scroll            |       |       |       |     6 |       ||     6
       Potion            |       |       |       |     2 |     2 ||     4
 Stab: Sleeping          |     6 |     1 |     7 |     9 |       ||    23
Armor: Robe              |    24 |     4 |       |       |       ||    28
       Scale mail        |       |    46 |    41 |       |       ||    87
       Skin              |       |     1 |       |       |       ||     1
       Chain mail        |       |       |    25 |       |       ||    25
       Ring mail         |       |       |   116 |   237 |    47 ||   400
Dodge: Dodged            |    50 |    67 |   150 |   235 |    49 ||   551
Block: Buckler           |     7 |    14 |    59 |   123 |    55 ||   258
       Reflection        |       |       |       |     1 |     1 ||     2
